 Dungeon Crawl Stone Soup version 0.30.0-3-ga4e48a9924 (webtiles) character file.

Game seed: 2272377912274116887

25 boxxxie the Caller (level 3, -1/24 HPs)
             Began as a Vine Stalker Summoner on May 8, 2023.
             Succumbed to an adder's poison
             ... on level 2 of the Dungeon.
             The game lasted 00:09:39 (1122 turns).

boxxxie the Caller (Vine Stalker Summoner)          Turns: 1122, Time: 00:09:39

Health: -1/24      AC:  2    Str: 16    XL:     3   Next: 6%
Magic:  1/7        EV: 11    Int: 15    God:
Gold:   52         SH:  3    Dex: 14    Spells: 6/7 levels left

rFire   . . .        o - +5 whip "Agrocih" {elec, rElec rCorr Int-2 Stlth-}
rCold   . . .        d - +0 buckler
rNeg    . . .        a - +0 robe
rPois   .            (no helmet)
rElec   +            (no cloak)
rCorr   +            (no gloves)
SInv    .            (no boots)
Will    .....        (no amulet) Stlth
                     l - ring of flight
HPRegen 0.24/turn    m - +6 ring of strength
MPRegen 0.10/turn

%: guardian spirit
@: berserking, lethally poisoned (-1 -> -16), flying, very slightly
contaminated, very quick
A: fangs 2, magic shield, antimagic bite, no potion heal 2
a: no special abilities


You were on level 2 of the Dungeon.
You visited 1 branch of the dungeon, and saw 2 of its levels.

You collected 52 gold pieces.

Inventory:

Hand Weapons
 o - the +5 whip "Agrocih" (weapon) {elec, rElec rCorr Int-2 Stlth-}
   (You found it on level 2 of the Dungeon)

   Int:       It affects your intelligence (-2).
   rElec:     It insulates you from electricity.
   rCorr:     It protects you from acid and corrosion.
   Stlth:     It makes you less stealthy.
Armour
 a - a +0 robe (worn)
 d - a +0 buckler (worn)
Jewellery
 l - a ring of flight (left hand)
 m - a +6 ring of strength (right hand)
 n - a ring of resist corrosion
Scrolls
 c - a scroll of enchant armour {unknown}
 e - 3 scrolls of identify {unknown}
 f - 2 scrolls of fear {unknown}
 i - a scroll of amnesia {unknown}
 j - a scroll of immolation {unknown}
 k - a scroll of torment {unknown}
 q - a scroll of magic mapping {unknown}
Potions
 b - a potion of magic
 h - a potion of attraction {unknown}
 p - 2 potions of curing {unknown}


   Skills:
 - Level 1.5 Dodging
 * Level 3.4 Stealth
 + Level 0.6 Shields
 + Level 2.5 Spellcasting
 + Level 4.2 Summonings


You had 6 spell levels left.
You knew the following spells:

 Your Spells              Type           Power      Damage    Failure   Level
a - Summon Small Mammal   Summ           56%        N/A       4%          1

Your spell library contained the following spells:

 Spells                   Type           Power      Damage    Failure   Level
 Call Imp                 Summ           28%        N/A       8%          2
 Call Canine Familiar     Summ           14%        N/A       16%         3
 Summon Guardian Golem    Hex/Summ       8%         N/A       34%         3
 Ensorcelled Hibernation  Hex/Ice        2%         N/A       38%         2
 Passwall                 Tmut/Erth      0%         N/A       38%         2
 Swiftness                Air            1%         N/A       63%         3
 Summon Lightning Spire   Summ/Air       8%         N/A       75%         4


Dungeon Overview and Level Annotations

Branches:
Dungeon (2/15)

Altars:


Innate Abilities, Weirdness & Mutations

You have extremely sharp teeth.
When hurt, damage is shared between your health and your magic reserves.
Your bite disrupts and absorbs the magic of your enemies.
Potions cannot restore your health.


Message History

Magic restored.
HP restored.
Found a stone staircase leading down.
q - a scroll labelled JOSIKHLO QOCROFENT An adder comes into view.
The adder hisses angrily.
The adder bites you.
You are poisoned.
The adder poisons you! The adder bites you.
You are more poisoned.
The adder poisons you!
You closely miss the adder. Your bite misses the adder.
You feel very sick. The adder closely misses you.
Casting: Summon Small Mammal (safe; 4% risk of failure)
Confirm with . or Enter, or press ? or * to list all spells.
You feel sick. The adder bites you.
You are lethally poisoned!
The adder poisons you!
Casting: Summon Small Mammal (safe; 4% risk of failure)
Confirm with . or Enter, or press ? or * to list all spells.
You miscast Summon Small Mammal.
You are very lightly contaminated with residual magic.
Nothing appears to happen.
You feel very sick. The adder bites you.
You are more poisoned.
The adder poisons you! The adder bites you.
You are more poisoned.
The adder poisons you!
You swap places.
* * * LOW HITPOINT WARNING * * *
You feel very sick. The adder bites your rat.
Your rat is poisoned.
The adder poisons your rat!
Your rat barely misses the adder.
It was a potion of berserk rage.
A red film seems to cover your vision as you go berserk!
You feel yourself moving faster!
You feel mighty!
You die...

.####... .......
###...#.##. ###
#......... ..#
#.......## #.#
.####........ #.###
........S.####. ....#
#.r....... #.#.#
#@######## ..#.# ##.##
###.# #..># #.## #...#
##..### #...# ##....)##
#...#####
#†..#)..#######........
...###..##.............
.......................


You could see an adder (ally target) and a friendly rat (summoned, poisoned).

Vanquished Creatures
  A dart slug (D:1)
  A goblin (D:2)
  A hobgoblin (D:1)
  3 jackals (D:2)
  2 kobolds
  A ball python (D:2)
  A bat (D:1)
  2 rats (D:2)
12 creatures vanquished.

Vanquished Creatures (collateral kills)
  A ball python (D:1)
  An endoplasm (D:1)
  2 hobgoblins (D:1)
  A jackal (D:2)
  2 kobolds
  A bat (D:2)
8 creatures vanquished.

Grand Total: 20 creatures vanquished

Notes
Turn   | Place    | Note
-------+----------+-------------------------------------------
     0 | D:1      | boxxxie the Vine Stalker Summoner began the quest for the
                  | Orb.
     0 | D:1      | Reached XP level 1. HP: 9/9 MP: 4/4
   348 | D:1      | Reached XP level 2. HP: 9/13 MP: 1/6
   860 | D:1      | Found a faded altar of an unknown god.
   921 | D:2      | Identified the +5 whip "Agrocih" {elec, rElec rCorr Int-2
                  | Stlth-}
  1076 | D:2      | Reached XP level 3. HP: 14/16 MP: 5/7
  1122 | D:2      | Succumbed to an adder's poison

Illustrated notes

Levels and vault maps discovered:
D:1:      minmay_arrival_shoal_huts, layout_basic,
          shapermc_ecumenical_altar_petra, corner_web_ring
D:2:      layout_loops_cross, basic_altar

Skill      XL: |  1  2 |
---------------+-------+-----
Stealth        | 3 |  3.4
Dodging        | |  1.5
Shields        | |  0.6
Spellcasting   | |  2.5
Summonings     | |  4.2

Action                     || total
---------------------------++-------
  Melee: Unarmed           ||    19
         Bite              ||     4
         Whip              ||    20
   Cast: Summon Small Mamm ||    26
    Use: Potion            ||     1
   Stab: Distracted        ||     1
 Armour: Robe              ||    13
  Dodge: Dodged            ||    26
  Block: Buckler           ||    11
